 Dungeon Crawl Stone Soup version 0.31-a0-523-g071a6c1ffa (console) character file.

Game seed: 12365632666714033137

351 jejorda2 the Chopper (level 6, -6/5 HPs)
             Began as a Gnoll Berserker on Aug 11, 2023.
             Was a Believer of Trog.
             Killed by divine providence
             ... invoked by an orc priest
              (11 damage)
             ... on level 4 of the Dungeon.
             The game lasted 00:06:12 (2791 turns).

jejorda2 the Chopper (Gnoll Berserker)              Turns: 2791, Time: 00:06:12

Health: -6/5       AC: 15    Str: 16    XL:     6   Next: 61%
Magic:  9/9        EV: 34    Int:  6    God:    Trog [**....]
Gold:   197        SH:  0    Dex: 14    Spells: 9/9 levels left

rFire   . . .        a - melded +0 hand axe
rCold   . . .        (shield currently unavailable)
rNeg    . . .        b - melded +0 animal skin
rPois   ∞            (helmet currently unavailable)
rElec   +            (cloak currently unavailable)
rCorr   .            (gloves currently unavailable)
SInv    .            (boots currently unavailable)
Will    .....        (no amulet)
Stlth   ++           (no ring)
HPRegen 0.20/turn    (no ring)
MPRegen 0.11/turn

%: no passive effects
@: storm-form, flying
A: cleaving, insubstantial, flying, reduced hp, (fangs 1), strong nose,
distributed training
a: Blinkbolt, Begin Untransformation, Renounce Religion, Berserk, Trog's Hand


You were on level 4 of the Dungeon.
You worshipped Trog.
Trog was pleased with you.
You were a lightning-filled tempest!
You visited 1 branch of the dungeon, and saw 4 of its levels.

You collected 197 gold pieces.

Inventory:

Hand Weapons
 a - a +0 hand axe (melded)
 u - the +2 mace "Qoukett" {antimagic, rPois rC+ Str+4}
   (You took it off an orc on level 3 of the Dungeon)

   Str+4:     It affects your strength (+4).
   rC+:       It protects you from cold.
   rPois:     It protects you from poison
Missiles
 d - 3 javelins
 y - 3 atropa-tipped darts
Armour
 b - a +0 animal skin (melded)
 x - a +0 chain mail
Jewellery
 e - an amulet of magic regeneration
Wands
 r - a wand of acid (10)
Scrolls
 j - a scroll of poison {unknown}
 m - a scroll of fog {unknown}
 n - a scroll of enchant weapon {unknown}
 o - a scroll of immolation {unknown}
 v - 2 scrolls of vulnerability {unknown}
Potions
 c - 2 potions of haste {unknown}
 f - 3 potions of curing {unknown}
 g - a potion of berserk rage {unknown}
 h - a potion of lignification {unknown}
 i - 2 potions of heal wounds {unknown}
 k - a potion of resistance {unknown}
 l - a potion of mutation {unknown}
 p - a potion of might {unknown}
 q - a potion of degeneration {unknown}
 s - a potion of attraction {unknown}
 t - a potion of brilliance {unknown}
 w - a potion of enlightenment {unknown}


   Skills:
 + Level 6.9 Fighting
 + Level 2.1 Short Blades
 + Level 2.1 Long Blades
 + Level 6.9 Axes
 + Level 2.1 Maces & Flails
 + Level 2.1 Polearms
 + Level 2.1 Staves
 + Level 2.1 Ranged Weapons
 + Level 2.1 Throwing
 + Level 5.0 Armour
 + Level 5.0 Dodging
 + Level 2.1 Stealth
 + Level 2.1 Shields
 + Level 2.1 Unarmed Combat
 + Level 2.1 Spellcasting
 + Level 1.6 Conjurations
 + Level 1.6 Hexes
 + Level 1.6 Summonings
 + Level 1.6 Necromancy
 + Level 1.6 Translocations
 + Level 1.6 Transmutations
 + Level 1.6 Fire Magic
 + Level 1.6 Ice Magic
 + Level 1.6 Air Magic
 + Level 1.6 Earth Magic
 + Level 1.6 Poison Magic
 + Level 2.3 Invocations
 + Level 2.1 Evocations
 + Level 1.6 Shapeshifting


You had 9 spell levels left.
You didn't know any spells.
Your spell library was empty.

Dungeon Overview and Level Annotations

Branches:
Dungeon (4/15)
 Temple: D:4-7

Altars:
Sif Muna


Innate Abilities, Weirdness & Mutations

You are a lightning-filled tempest!
Your electrical attacks strike out in all directions at once.
You are incredibly evasive.
Your insubstantial body is immune to petrification, constriction, and being set on fire You are flying.
Your maximum health is decreased, since you lack skill for your form.
Your armour is entirely melded.
You are incapable of wielding weapons or throwing items.
You are immune to poison.
((You have very sharp teeth.))
Your uncanny sense of smell can sniff out nearby items.
Your experience applies equally to all skills.


Message History

Your Staves skill increases to level 2!
Your Ranged Weapons skill increases to level 2!
Your Throwing skill increases to level 2!
Your Armour skill increases to level 5!
Your Dodging skill increases to level 5!
Your Stealth skill increases to level 2!
Your Shields skill increases to level 2!
Your Unarmed Combat skill increases to level 2!
Your Spellcasting skill increases to level 2!
Your Evocations skill increases to level 2!
Items here: ) †.
You feel a strong urge to attack something.
Found a stone staircase leading up.
You see here 3 atropa-tipped darts.
y - 3 atropa-tipped darts You feel your anger nearly subside.
You are no longer berserk.
You are exhausted.
You feel yourself slow down.
You start resting.
Magic restored.
You start waiting.
You feel yourself speed up.
You start waiting.
You recover from your berserk rage.
Found a stone.
A quokka comes into view.
You see here a stone.
You batter the quokka!! Lightning courses through the quokka!!
You kill the quokka!
Trog accepts your kill.
You now have 197 gold pieces (gained 11).
Found a stone staircase leading down.
Found a rapier.
An orc priest comes into view. It is wielding a +0 club.
The orc priest shouts!
You hear a shout!
An endoplasm comes into view.
The orc priest calls down the wrath of Beogh upon you.
Beogh smites you!
Ouch! That really hurt!
You die...

.... .## .... ... ...
..# .# .. ...# .#
#.####.####.... .#
#...........>#.. .#
#.##.....#..... .#
#).....v....oJ. .#
####.....###... .####
##...## ....# ##.##
###.# #.# # # #.# #.#
...
###.###########.##..#..
.....................#
###.############..####


You could see an orc priest and an endoplasm.

Vanquished Creatures
  2 ogres (D:4)
  A hound (D:3)
  An orc priest (D:3)
  5 adders
  A dart slug (D:4)
  5 orcs
  6 ball pythons
  5 endoplasms
  3 giant cockroaches
  6 goblins
  6 hobgoblins
  10 jackals
  3 kobolds
  3 quokkas
  7 bats
  A frilled lizard (D:1)
  3 rats
68 creatures vanquished.

Notes
Turn   | Place    | Note
-------+----------+-------------------------------------------
     0 | D:1      | jejorda2 the Gnoll Berserker began the quest for the Orb.
     0 | D:1      | Reached XP level 1. HP: 23/23 MP: 1/1
   263 | D:1      | Reached XP level 2. HP: 2/29 MP: 2/2
   435 | D:1      | Reached XP level 3. HP: 5/35 MP: 3/3
   924 | D:2      | Reached skill level 1 in Invocations
  1068 | D:2      | Reached skill level 1 in Short Blades
  1068 | D:2      | Reached skill level 1 in Long Blades
  1068 | D:2      | Reached skill level 1 in Maces & Flails
  1068 | D:2      | Reached skill level 1 in Polearms
  1068 | D:2      | Reached skill level 1 in Staves
  1068 | D:2      | Reached skill level 1 in Ranged Weapons
  1068 | D:2      | Reached skill level 1 in Throwing
  1068 | D:2      | Reached skill level 1 in Stealth
  1068 | D:2      | Reached skill level 1 in Shields
  1068 | D:2      | Reached skill level 1 in Unarmed Combat
  1068 | D:2      | Reached skill level 1 in Spellcasting
  1068 | D:2      | Reached skill level 1 in Evocations
  1146 | D:2      | Reached XP level 4. HP: 4/41 MP: 5/5
  1751 | D:3      | Reached skill level 1 in Conjurations
  1751 | D:3      | Reached skill level 1 in Hexes
  1751 | D:3      | Reached skill level 1 in Summonings
  1751 | D:3      | Reached skill level 1 in Necromancy
  1751 | D:3      | Reached skill level 1 in Translocations
  1751 | D:3      | Reached skill level 1 in Transmutations
  1751 | D:3      | Reached skill level 1 in Fire Magic
  1751 | D:3      | Reached skill level 1 in Ice Magic
  1751 | D:3      | Reached skill level 1 in Air Magic
  1751 | D:3      | Reached skill level 1 in Earth Magic
  1751 | D:3      | Reached skill level 1 in Poison Magic
  1751 | D:3      | Reached skill level 1 in Shapeshifting
  2029 | D:3      | Identified the +2 mace "Qoukett" {antimagic, rPois rC+
                  | Str+4}
  2038 | D:3      | Reached XP level 5. HP: 7/47 MP: 5/7
  2044 | D:3      | Reached ** piety under Trog
  2114 | D:3      | Found a shimmering blue altar of Sif Muna.
  2577 | D:4      | Noticed an ogre
  2582 | D:4      | Killed an ogre
  2583 | D:4      | Reached XP level 6. HP: 7/53 MP: 8/8
  2711 | D:4      | Reached skill level 5 in Armour
  2711 | D:4      | Reached skill level 5 in Dodging
  2791 | D:4      | Killed from afar by an orc priest

Illustrated notes

Levels and vault maps discovered:
D:1:      shiori_arrival_elements, layout_loops_ring
D:2:      layout_basic
D:3:      layout_basic, lemuel_blue_sif_altar, serial_park_tiny_pond,
          eino_tiny_chamber, corexii_shack
D:4:      layout_loops_ring, old_standard_altar, minmay_temple_entry_arrows,
          uniq_natasha

Skill      XL: |  1  2  3  4  5  6 |
---------------+-------------------+-----
Invocations    | 1 2 |  2.3
Short Blades   | 1 2 |  2.1
Long Blades    | 1 2 |  2.1
Maces & Flails | 1 2 |  2.1
Polearms       | 1 2 |  2.1
Staves         | 1 2 |  2.1
Ranged Weapons | 1 2 |  2.1
Throwing       | 1 2 |  2.1
Stealth        | 1 2 |  2.1
Shields        | 1 2 |  2.1
Unarmed Combat | 1 2 |  2.1
Spellcasting   | 1 2 |  2.1
Evocations     | 1 2 |  2.1
Conjurations   | 1 |  1.6
Hexes          | 1 |  1.6
Summonings     | 1 |  1.6
Necromancy     | 1 |  1.6
Translocations | 1 |  1.6
Transmutations | 1 |  1.6
Fire Magic     | 1 |  1.6
Ice Magic      | 1 |  1.6
Air Magic      | 1 |  1.6
Earth Magic    | 1 |  1.6
Poison Magic   | 1 |  1.6
Shapeshifting  | 1 |  1.6
Armour         | 5 |  5.0
Dodging        | 5 |  5.0
Fighting       | |  6.9
Axes           | |  6.9

Action                     |  1- 3 |  4- 6 || total
---------------------------+-------+-------++-------
  Melee: Unarmed           |    29 |    56 ||    85
         Hand axe          |     1 |       ||     1
         Punch             |       |     1 ||     1
 Invoke: Berserk           |     2 |     4 ||     6
Ability: Blinkbolt         |    12 |     9 ||    21
   Stab: Sleeping          |       |     1 ||     1
 Armour: Skin              |     1 |     6 ||     7
  Dodge: Dodged            |    32 |    50 ||    82
   Form: Storm             |     1 |       ||     1

Table legend: (Time is in decaauts)
 A = Elapsed time spent in this place.
 B = Non-inter-level travel time spent in this place.
 C = Inter-level travel time spent in this place.
 D = Time resting spent in this place.
 E = Time spent auto-exploring this place.
 F = Levels seen in this place.
 G = Mean time per level.
                   A        B        C        D        E       F      G
               +--------+--------+--------+--------+--------+-----+--------+
         Total |   2844 |   2677 |    167 |    323 |   1940 |   4 |  711.0 |
       Dungeon |   2844 |   2677 |    167 |    323 |   1940 |   4 |  711.0 |
               +--------+--------+--------+--------+--------+-----+--------+

Top non-repeatable levels by time:
     D:3: 996 daAuts
     D:2: 889 daAuts
     D:1: 755 daAuts
     D:4: 202 daAuts
